 Dungeon Crawl Stone Soup version 0.20-a0-1078-g4874019 (webtiles) character file.

8117 nikopol the Fighter (level 11, -3/108 HPs)
             Began as a Gargoyle Berserker on Apr 30, 2017.
             Was a High Priest of Trog.
             Killed from afar by an ice dragon (37 damage)
             ... with a blast of cold
             ... on level 9 of the Dungeon.
             The game lasted 00:20:01 (9733 turns).

nikopol the Fighter (Gargoyle Berserker)            Turns: 9733, Time: 00:20:02

Health: -3/108     AC: 21    Str: 27    XL:     11   Next: 25%
Magic:  11/11      EV: 15    Int:  7    God:    Trog [*****.]
Gold:   279        SH:  0    Dex: 12    Spells: 10/10 levels left

rFire    . . .     SeeInvis .   t - +4 hand axe
rCold    . . .     Gourm    .   (no shield)
rNeg     + + .     Faith    .   E - +0 acid dragon scales
rPois    ∞         Spirit   .   C - +1 hat
rElec    +         Reflect  .   u - +1 cloak
rCorr    +         Harm     .   (no gloves)
MR       .....                  H - +1 pair of boots
Stlth    ..........             (no amulet)
Regen    0.3/turn               e - ring of positive energy (curse)
MPRegen  0.2/turn               (no ring)

@: berserking, very quick
A: negative energy resistance 1, electricity resistance, unbreathing,
petrification resistance, rot immunity, AC +7
a: Berserk, Trog's Hand, Brothers in Arms, Burn Spellbooks, Renounce Religion


You were on level 9 of the Dungeon.
You worshipped Trog.
Trog was extremely pleased with you.
You were very hungry.

You visited 1 branch of the dungeon, and saw 9 of its levels.

You collected 542 gold pieces.
You spent 263 gold pieces at shops.

Inventory:

Hand Weapons
 t - a +4 hand axe (weapon)
Missiles
 r - 112 arrows (quivered)
Armour
 u - a +1 cloak (worn)
 C - a +1 hat (worn)
 E - +0 acid dragon scales (worn)
 H - a +1 pair of boots (worn)
Jewellery
 e - a cursed ring of positive energy (left hand)
 I - an uncursed ring of flight {unknown}
Wands
 n - a wand of enslavement (17/24)
 y - a wand of lightning (6/15)
 A - a wand of confusion (17/48)
 J - a wand of clouds (5/9)
Scrolls
 a - 3 scrolls of fear
 k - 4 scrolls of recharging
 m - a scroll of blinking {unknown}
 q - 2 scrolls of identify
 w - 5 scrolls of teleportation
 D - a scroll of remove curse
 F - 2 scrolls of fog {unknown}
Potions
 b - a potion of flight {unknown}
 d - 2 potions of agility
 f - 2 potions of might
 g - 2 potions of heal wounds
 h - 3 potions of curing {unknown}
 i - 2 potions of mutation {unknown}
 j - 3 potions of haste
 l - a potion of invisibility {unknown}
 o - 2 potions of cancellation {unknown}
 p - a potion of magic {unknown}
 s - a potion of berserk rage {unknown}
 v - 2 potions of ambrosia
 z - a potion of brilliance {unknown}
 B - a potion of lignification {unknown}
Comestibles
 c - 8 bread rations
 x - 9 royal jellies


   Skills:
 + Level 10.0 Fighting
 + Level 8.4 Axes
 + Level 9.6 Armour
 + Level 7.4 Dodging


You had 10 spell levels left.
You didn't know any spells.

Dungeon Overview and Level Annotations

Branches:
Dungeon (9/15)             Temple (0/1) D:5            Lair (0/6) D:8
    Orc (0/2) D:9

Altars:
Kikubaaqudgha
Trog
Uskayaw
Xom
Yredelemnul
Zin

Shops:
D:3 *   D:6 (   D:7 *

Annotations:
D:8 exclusion: orange crystal statue


Innate Abilities, Weirdness & Mutations

You are resistant to torment.
Your stone body is resilient. (AC +7)
You are immune to poison.
You resist negative energy. (rN+)
You are resistant to electric shocks. (rElec)
You can survive without breathing.
You are immune to petrification.
You are immune to rotting.


Message History

You hit the ice dragon.
The ice dragon is lightly wounded.
The ice dragon breathes frost at you. The blast of cold hits you!
* * * LOW HITPOINT WARNING * * *
You are too injured to fight recklessly!
You are too injured to fight recklessly!
You are too injured to fight recklessly!
You are too injured to fight recklessly!
You are too injured to fight recklessly!
You are too injured to fight recklessly!
You see here a howler monkey corpse.
The electric eel shoots out a bolt of lightning at you!
The bolt of electricity hits you! You resist.
A red film seems to cover your vision as you go berserk!
You feel yourself moving faster!
You feel mighty!
You are feeling very hungry.
The ice dragon breathes frost at you. The blast of cold hits you!
You die...

#### ###≈≈≈####
...≈≈≈≈..###
....≈≈≈....##
$..≈≈≈......###
$≈≈≈≈.........#####
≈≈≈≈;...†.....D.@.######
≈≈≈≈........#####......#
≈≈≈≈.......## ######.##
≈≈≈≈;...#### #..#
≈≈≈###### ##.# ≈≈ ####.#
≈ #....# #.#### #.#


You could see an ice dragon.

Vanquished Creatures
  4 two-headed ogres (D:8)
  A komodo dragon (D:8)
  A shadow (D:8)
  4 yaks (D:8)
  2 wyverns (D:8)
  A basilisk (D:8)
  A hungry ghost (D:9)
  An acid dragon (D:8)
  4 orc warriors
  4 sky beasts
  A hornet zombie (D:8)
  A phantom (D:5)
  An ogre (D:8)
  2 eyes of draining
  A necrophage (D:8)
  A crocodile (D:8)
  6 bullfrogs
  6 scorpions
  A wyvern skeleton (D:8)
  6 killer bees (D:9)
  10 wights (D:8)
  A howler monkey (D:9)
  3 crimson imps
  A quasit (D:6)
  2 centaur zombies
  A hound (D:6)
  8 orc priests
  7 orc wizards
  A centaur skeleton (D:5)
  3 iguanas
  7 worker ants
  A killer bee zombie (D:7)
  8 adders
  2 adder skeletons
  4 worms
  4 dart slugs
  12 leopard geckos
  37 orcs
  5 giant cockroaches
  13 goblins
  10 hobgoblins
  8 jackals
  7 kobolds
  5 quokkas
  A ball python (D:4)
  12 bats
  4 frilled lizards
  A jackal zombie (D:7)
  7 rats
234 creatures vanquished.

Notes
Turn   | Place    | Note
-------+----------+-------------------------------------------
     0 | D:1      | nikopol the Gargoyle Berserker began the quest for the Orb.
     0 | D:1      | Reached XP level 1. HP: 14/14 MP: 1/1
   126 | D:1      | Reached XP level 2. HP: 13/19 MP: 2/2
   474 | D:1      | Reached XP level 3. HP: 21/23 MP: 3/3
   625 | D:1      | Reached ** piety under Trog
  1171 | D:2      | Reached XP level 4. HP: 26/28 MP: 4/4
  1173 | D:2      | Found a bloodstained altar of Trog.
  1419 | D:2      | Reached skill level 4 in Fighting
  1815 | D:3      | Found Zin's Purification Station.
  1815 | D:3      | Found a glowing silver altar of Zin.
  1829 | D:3      | Reached *** piety under Trog
  1998 | D:3      | Reached XP level 5. HP: 29/33 MP: 5/5
  2562 | D:4      | Found a shimmering altar of Xom.
  2565 | D:4      | Found a shimmering altar of Xom.
  2567 | D:4      | Found a shimmering altar of Xom.
  2569 | D:4      | Found a shimmering altar of Xom.
  2571 | D:4      | Found a shimmering altar of Xom.
  2572 | D:4      | Found a shimmering altar of Xom.
  2622 | D:4      | Reached XP level 6. HP: 39/39 MP: 6/6
  3044 | D:4      | You fall through a shaft!
  3044 | D:5      | Entered Level 5 of the Dungeon
  3076 | D:5      | Noticed a sky beast
  3101 | D:5      | Killed a sky beast
  3172 | D:5      | HP: 1/40 [orc priest/divine providence (8)]
  3174 | D:5      | Reached skill level 5 in Fighting
  3838 | D:5      | Noticed a sky beast
  3847 | D:5      | Reached XP level 7. HP: 34/44 MP: 7/7
  3984 | D:5      | Found a staircase to the Ecumenical Temple.
  4036 | D:5      | Reached **** piety under Trog
  4294 | D:5      | Reached skill level 5 in Armour
  4316 | D:5      | Reached XP level 8. HP: 44/51 MP: 8/8
  4413 | D:5      | Reached skill level 6 in Fighting
  4724 | D:6      | Found a basalt altar of Yredelemnul.
  4846 | D:6      | Reached skill level 5 in Axes
  5019 | D:6      | Found an ancient bone altar of Kikubaaqudgha.
  5233 | D:6      | Found Winyr's Weapon Shoppe.
  5315 | D:6      | Found a hide-covered altar of Uskayaw.
  5327 | D:6      | Found a shimmering altar of Xom.
  5566 | D:7      | Found Oruvion's Assorted Antiques.
  5637 | D:7      | Bought a scroll labeled ALUIT QA RYUNU for 31 gold pieces
  5637 | D:7      | Bought a pair of embroidered boots for 232 gold pieces
  6038 | D:8      | Noticed a two-headed ogre
  6046 | D:8      | Killed a two-headed ogre
  6046 | D:8      | Reached skill level 7 in Fighting
  6046 | D:8      | Reached skill level 5 in Dodging
  6046 | D:8      | Reached XP level 9. HP: 42/57 MP: 9/9
  6220 | D:8      | Reached ***** piety under Trog
  6520 | D:8      | Reached skill level 8 in Fighting
  6648 | D:8      | Noticed an orange crystal statue
  7211 | D:8      | Reached XP level 10. HP: 57/64 MP: 10/10
  7233 | D:8      | Received a gift from Trog
  7816 | D:8      | Found a staircase to the Lair.
  8131 | D:8      | Noticed a two-headed ogre
  8141 | D:8      | Killed a two-headed ogre
  8141 | D:8      | Reached skill level 9 in Fighting
  8427 | D:9      | Noticed a two-headed ogre
  8468 | D:9      | Noticed a two-headed ogre
  8536 | D:8      | Killed a two-headed ogre
  8771 | D:8      | Reached XP level 11. HP: 40/71 MP: 7/11
  8779 | D:8      | Killed a two-headed ogre
  9276 | D:9      | Found a staircase to the Orcish Mines.
  9378 | D:9      | Found a bloodstained altar of Trog.
  9669 | D:9      | Reached skill level 10 in Fighting
  9715 | D:9      | Noticed an ice dragon
  9733 | D:9      | Killed from afar by an ice dragon

Vault maps used:
D:1:      ncdulo_halloftheorcs
D:2:      cheibrodos_greedy_goblins, old_standard_altar
D:3:      nicolae_overflow_hidden_temple, zin_purify
D:4:      xom_redecorated
D:5:      minmay_temple_entry_mist, first_bread
D:6:      amethyst_overflow_temple_binary, kiku_gazebo_garden_becter,
          serial_shops, shop, basic_altar
D:7:      serial_shops, nicolae_shop_overgrown_old_shop
D:8:      minmay_separated_statues, erik_lair_dragon
D:9:      dragon1_lemuel, david_orc_3, basic_altar

Skill      XL: |  1  2  3  4  5  6  7  8  9 10 11 |
---------------+----------------------------------+-----
Dodging        | 2 3 4 5 7 |  7.4
Axes           | 3 4 6 8 |  8.4
Fighting       | 4 5 7 8 9 10 | 10.0
Armour         | 3 4 5 6 7 9 |  9.6

Action                   |  1- 3 |  4- 6 |  7- 9 | 10-12 || total
-------------------------+-------+-------+-------+-------++-------
Melee: Hand axe          |   135 |   195 |   356 |   304 ||   990
Invok: Berserk           |     1 |     1 |     2 |     5 ||     9
       Burn Spellbooks   |       |       |     1 |     1 ||     2
  Use: Scroll            |       |     2 |    11 |       ||    13
  Eat: Chunk             |     2 |     9 |    12 |    15 ||    38
Armor: Animal skin       |    46 |       |       |       ||    46
       Chain mail        |    51 |   125 |   135 |       ||   311
       Scale mail        |       |       |    62 |    62 ||   124
       Acid dragon scale |       |       |       |    81 ||    81
Dodge: Dodged            |   110 |    93 |   187 |   220 ||   610
